 Dungeon Crawl Stone Soup version 0.28-a0-706-gf6f64a616a (webtiles) character file.

Game seed: 18285340066714369298

511 lawman0 the Sneak (level 7, -1/48 HPs)
             Began as a Djinni Enchanter on Oct 24, 2021.
             Slain by an iguana (11 damage)
             ... on level 4 of the Dungeon.
             The game lasted 00:05:53 (5421 turns).

lawman0 the Sneak (Djinni Enchanter)                Turns: 5421, Time: 00:05:53

Health: -1/48      AC:  5    Str:  7    XL:     7   Next: 43%
Gold:   175        EV: 13    Int: 19    God:
                   SH:  0    Dex: 13

rFire   + + .      SeeInvis +   f - +1 short sword (venom)
rCold   x . .      Faith    .   (no shield)
rNeg    . . .      Spirit   .   b - +1 robe
rPois   ∞          Reflect  .   h - +2 hat
rElec   .          Harm     .   (no cloak)
rCorr   .          Rampage  .   (no gloves)
Will    .....                   (boots unavailable)
Stlth   +++.......              (no amulet)
HPRegen 0.16/turn               d - ring of see invisible
MPRegen 0.00/turn               (no ring)

@: flying
A: sickness immunity, fire resistance 2, cold vulnerability 1, float, innate
caster, hp casting, extra vitality 1
a: no special abilities


You were on level 4 of the Dungeon.
You visited 1 branch of the dungeon, and saw 4 of its levels.
You also visited: Sewer.

You collected 175 gold pieces.

Inventory:

Hand Weapons
 f - a +1 short sword of venom (weapon)
Armour
 b - a +1 robe (worn)
 h - a +2 hat (worn)
Jewellery
 d - a ring of see invisible (left hand)
Wands
 k - a wand of acid (4)
Scrolls
 j - a scroll of immolation
 q - 2 scrolls of enchant armour
 r - 2 scrolls of summoning {unknown}
 s - a scroll of blinking {unknown}
 t - 2 scrolls of enchant weapon {unknown}
 v - a scroll of vulnerability {unknown}
 x - a scroll of fog {unknown}
Potions
 a - 2 potions of ambrosia {unknown}
 c - 2 potions of invisibility
 e - 3 potions of haste {unknown}
 g - 2 potions of brilliance {unknown}
 i - a potion of resistance {unknown}
 l - 4 potions of heal wounds {unknown}
 m - a potion of lignification {unknown}
 n - 3 potions of curing {unknown}
 o - 2 potions of mutation {unknown}
 p - a potion of magic {unknown}
 w - a potion of degeneration {unknown}


   Skills:
 + Level 1.7 Fighting
 * Level 3.8 Short Blades
 + Level 3.4 Dodging
 * Level 4.5 Stealth
 + Level 3.1 Spellcasting
 + Level 0.3 Evocations


You couldn't memorise any spells.
You knew the following spells:

 Your Spells              Type           Power      Damage    Failure   Level
a - Ensorcelled Hibernat  Hex/Ice        30%        N/A       6%          2
b - Confusing Touch       Hex            15%        N/A       12%         3
c - Tukima's Dance        Hex            15%        N/A       12%         3
d - Dazzling Flash        Conj/Hex       30%        N/A       12%         3
e - Summon Small Mammal   Summ           60%        N/A       4%          1
f - Scorch                Fire           30%        2d7       6%          2
g - Summon Guardian Gole  Hex/Summ       15%        N/A       12%         3
Your spell library was empty.

Dungeon Overview and Level Annotations

Branches:
Dungeon (4/15)              Sewer (visited)
 Temple: D:4-7

Altars:
Hepliaklqana
Trog


Innate Abilities, Weirdness & Mutations

You are immune to sickness and miasma.
You are immune to poison.
Your flesh is very heat resistant. (rF++)
You are vulnerable to cold. (rC-)
You float through the air rather than walking.
You learn spells naturally, not from books.
Your magical power is your life essence.
You have superior vitality. (+4 HP)


Message History

Casting: Ensorcelled Hibernation (safe; 6% risk of failure)
Confirm with . or Enter, or press ? or * to list all spells.
Aiming: Ensorcelled Hibernation (safe; 6% risk of failure)
Press: ? - help, Shift-Dir - straight line, f/p - black bear
Aim: a black bear (chance to affect: 45%)
The black bear resists with some effort.
The black bear closely misses you. The black bear barely misses you.
The black bear claws you but does no damage.
Unknown command.
Casting: Ensorcelled Hibernation (safe; 6% risk of failure)
Confirm with . or Enter, or press ? or * to list all spells.
Aiming: Ensorcelled Hibernation (safe; 6% risk of failure)
Press: ? - help, Shift-Dir - straight line, f/p - black bear
Aim: a black bear (chance to affect: 45%)
The black bear looks drowsy...
Unknown command.
The helpless black bear fails to defend itself.
You puncture the black bear!
The black bear is severely wounded.
The iguana bites you! The black bear bites you. The black bear misses you.
The black bear claws you but does no damage.
You hit the black bear but do no damage.
The black bear is severely wounded.
The iguana bites you. The black bear closely misses you.
The black bear claws you. The black bear barely misses you.
You hit the black bear but do no damage.
The black bear is severely wounded.
The iguana barely misses you. The black bear closely misses you.
The black bear claws you but does no damage.
The black bear claws you.
Unknown command.
You hit the black bear.
The black bear is poisoned.
The black bear is almost dead.
The iguana bites you!
* * * LOW HITPOINT WARNING * * *
Unknown command.
You kill the black bear!
There is a stone staircase leading up here.
The iguana bites you!
You die...

,,,,,,,,,,*#.#........###
,,,,,,,,,.##..........#
,,,,,,,,,.........##.##
*<,,,,,,,.........##..#
,,,,,,,,,..#....†.##..#*
*,****,,,,*###...#####.#*
,,,* **,,.#####.........*
,,,****,,.......l..#...##
,,,**,,,,....#..@#.#*,##
,,,,,,*,,...*#...###***
,,*,*,*,,.#...#.##
,,***,,,,*##..##*
,*,,,,,,,,....,*
***,,,,,,....,**
**,,,,*...*,*
*******,**** ***


You could see an iguana.

Vanquished Creatures
  A black bear (D:4)
  2 bullfrogs (Sewer)
  Natasha (thrice) (D:3)
  13 adders
  A river rat (Sewer)
  2 dart slugs (D:1)
  An orc (D:3)
  3 bats
  5 endoplasms
  2 giant cockroaches
  7 goblins
  2 hobgoblins
  2 jackals (D:1)
  10 kobolds
  3 quokkas (D:1)
  15 ball pythons
  9 frilled lizards
  37 rats
118 creatures vanquished.

Notes
Turn   | Place    | Note
-------+----------+-------------------------------------------
     0 | D:1      | lawman0 the Djinni Enchanter began the quest for the Orb.
     0 | D:1      | Reached XP level 1. HP: 15/15 MP: 0/0
   269 | D:1      | Reached XP level 2. HP: 21/21 MP: 0/0
   872 | D:1      | Reached skill level 1 in Short Blades
   890 | D:1      | Reached XP level 3. HP: 25/25 MP: 0/0
   890 | D:1      | Learned a level 1 spell: Summon Small Mammal
   976 | D:1      | Reached skill level 3 in Stealth
  1433 | D:1      | Found a faded altar of an unknown god.
  2283 | D:2      | Reached XP level 4. HP: 31/31 MP: 0/0
  2793 | D:3      | Noticed Natasha
  2840 | D:3      | Found a bloodstained altar of Trog.
  2970 | D:3      | Killed Natasha
  3041 | D:3      | Reached XP level 5. HP: 34/36 MP: 0/0
  3041 | D:3      | Learned a level 2 spell: Scorch
  3095 | D:3      | Found a glowing drain.
  3131 | Sewer    | Entered a sewer
  3491 | Sewer    | Reached skill level 4 in Stealth
  3736 | Sewer    | Reached skill level 1 in Fighting
  3736 | Sewer    | Reached XP level 6. HP: 29/42 MP: 0/0
  4280 | Sewer    | Reached XP level 7. HP: 18/47 MP: 0/0
  4280 | Sewer    | Learned a level 3 spell: Summon Guardian Golem
  4670 | D:3      | Noticed Natasha
  4687 | D:3      | Killed Natasha
  5292 | D:3      | Noticed Natasha
  5299 | D:3      | Killed Natasha
  5404 | D:4      | Found a hazy altar of Hepliaklqana.
  5421 | D:4      | Slain by an iguana

Illustrated notes

Levels and vault maps discovered:
D:1:      shiori_arrival_maze, layout_loops_cross, basic_ecumenical_altar,
          st_stairs_2, nrook_mini_vaults
D:2:      layout_loops_corners
D:3:      layout_basic, lemuel_tele_altar, gup_sewer_entry_glass, dk_vineyard_1,
          uniq_natasha
D:4:      layout_cave_pools, fedhas_ov_isle_minmay,
          mainiacjoe_overflow_brackets, minmay_ogre_servants

Skill      XL: |  1  2  3  4  5  6 |
---------------+-------------------+-----
Short Blades   | 1 2 3 |  3.8
Stealth        | 3 4 |  4.5
Fighting       | 1 |  1.7
Dodging        | 3 |  3.4
Spellcasting   | 3 |  3.1
Evocations     | |  0.3

Action                   |  1- 3 |  4- 6 |  7- 9 || total
-------------------------+-------+-------+-------++-------
Melee: Dagger            |    43 |       |       ||    43
       Short sword       |    52 |   145 |    39 ||   236
 Cast: Ensorcelled Hiber |     9 |    17 |     6 ||    32
       Summon Small Mamm |     1 |       |       ||     1
Evoke: Wand              |       |     5 |       ||     5
  Use: Scroll            |       |     6 |     2 ||     8
 Stab: Sleeping          |    17 |     9 |     2 ||    28
Armor: Robe              |    13 |    74 |    10 ||    97
Dodge: Dodged            |    47 |   130 |    26 ||   203

Table legend: (Time is in decaauts)
 A = Elapsed time spent in this place.
 B = Non-inter-level travel time spent in this place.
 C = Inter-level travel time spent in this place.
 D = Time resting spent in this place.
 E = Time spent auto-exploring this place.
 F = Levels seen in this place.
 G = Mean time per level.
                   A        B        C        D        E       F      G
               +--------+--------+--------+--------+--------+-----+--------+
         Total |   5414 |   5319 |     95 |   1111 |   3241 |   5 | 1082.8 |
       Dungeon |   4038 |   3943 |     95 |    547 |   2707 |   4 | 1009.5 |
         Sewer |   1376 |   1376 |      0 |    564 |    534 |   1 | 1376.0 |
               +--------+--------+--------+--------+--------+-----+--------+

Top non-repeatable levels by time:
     D:1: 1993 daAuts
   Sewer: 1376 daAuts
     D:3: 1221 daAuts
     D:2: 797 daAuts
     D:4: 26 daAuts
